 Seeded DCSS version 0.29.1-12-g30fa7ad0bf (webtiles) character file.

Game seed: 6320845443627075161 (custom seed)

87 OTABOTABOTAB the Insei (level 4, -3/29 HPs)
             Began as an Octopode Transmuter on Jan 10, 2023.
             Slain by an orc
             ... wielding a +0 hand axe
              (7 damage)
             ... on level 3 of the Dungeon.
             The game lasted 00:06:59 (2496 turns).

OTABOTABOTAB the Insei (Octopode Transmuter)        Turns: 2496, Time: 00:07:00

Health: -3/29      AC:  2    Str:  9    XL:     4   Next: 51%
Magic:  16/16      EV: 13    Int: 17    God:
Gold:   125        SH:  0    Dex: 12    Spells: 4/7 levels left

rFire   . . .      SeeInvis .   c - +3 short sword
rCold   . . .      Faith    .   (no shield)
rNeg    . . .      Spirit   .   j - +1 hat {Stlth+}
rPois   .          Reflect  .   (no amulet)
rElec   .          Harm     .   m - ring of magical power {MP+9}
rCorr   .          Rampage  .   (no ring)
Will    .....                   (no ring)
Stlth   +++.......              (no ring)
HPRegen 0.09/turn               (no ring)
MPRegen 0.15/turn               (no ring)
                                (no ring)
                                (no ring)

@: no status effects
A: almost no armour, amphibious, 8 rings, camouflage 1, gelatinous body 1,
(nimble swimmer 1), tentacles
a: no special abilities


You were on level 3 of the Dungeon.
You visited 1 branch of the dungeon, and saw 3 of its levels.

You collected 125 gold pieces.

Inventory:

Hand Weapons
 c - a +3 short sword (weapon)
   (You took it off a kobold on level 3 of the Dungeon)
Missiles
 e - 3 poisoned darts
 s - 31 stones
Armour
 j - a +1 hat of stealth (worn)
   (You found it on level 2 of the Dungeon)
Magical Staves
 f - a staff of air {rElec}
   (You found it on level 1 of the Dungeon)
Jewellery
 m - a ring of magical power (left tentacle) {MP+9}
   (You found it on level 2 of the Dungeon)
Wands
 q - a wand of flame (13)
   (You found it on level 2 of the Dungeon)
Scrolls
 V - a scroll of vulnerability {!r!r}
 X - a scroll of magic mapping {@r4!r}
 Y - a scroll of teleportation {@r3}
Potions
 a - a potion of lignification {!q}
 J - 2 potions of curing {@q1}


   Skills:
 + Level 2.2 Fighting
 - Level 2.0 Dodging
 + Level 3.7 Unarmed Combat
 - Level 2.0 Spellcasting
 + Level 2.8 Transmutations
 + Level 1.6 Ice Magic


You had 4 spell levels left.
You knew the following spells:

 Your Spells              Type           Power      Damage    Failure   Level
a - Beastly Appendage     Tmut           22%        N/A       6%          1
b - Wereblood             Tmut           11%        N/A       10%         2

Your spell library contained the following spells:

 Spells                   Type           Power      Damage    Failure   Level
 Freeze                   Ice            28%        1d5       10%         1
 Frozen Ramparts          Ice            14%        1d3       28%         3
 Spider Form              Tmut/Pois      6%         N/A       32%         3
 Ice Form                 Ice/Tmut       9%         N/A       61%         4
 Hailstorm                Conj/Ice       4%         3d4       80%         4
 Leda's Liquefaction      Hex/Erth       0%         N/A       88%         4
 Lee's Rapid Deconstruct  Erth           0%         3d5*      99%         5
 Statue Form              Tmut/Erth      4%         N/A       100%        6


Dungeon Overview and Level Annotations

Branches:
Dungeon (3/15)

Altars:

Shops:
D:2 :


Innate Abilities, Weirdness & Mutations

You cannot wear most types of armour.
You are amphibious.
You can wear up to eight rings at the same time.
Your skin changes colour to match your surroundings (Stealth+).
Your rubbery body absorbs attacks. (AC +1, EV +1)
((You are camouflaged when in or above water. (Stealth+)))
You have tentacles for arms and can constrict up to eight enemies at once.


Message History

You kill the bat!
No target in view!
There is a stone staircase leading down here.
A kobold comes into view. It is wielding a +0 dagger.
The kobold shouts!
The kobold hits you with a +0 dagger.
You take 1 damage, and have 28/29 hp.
You miss the kobold. Your grab misses the kobold.
The kobold closely misses you.
You hit the kobold.
You kill the kobold!
No target in view!
Things that are here:
a +0 dagger; a kobold corpse A goblin comes into view.
It is wielding a +0 dagger.
Health restored: 29 One of your tentacles grows a vicious spike.
Your +1 hat of stealth melds into your body.
You feel less stealthy.
You now have 15/16 mp.
Unknown command.
The goblin shouts!
You hit the goblin.
You kill the goblin!
No target in view!
No target in view!
Found a stone staircase leading up.
Your transformation is almost over.
MP restored: 16 You see here a +0 hand axe.
An orc wizard comes into view. It is wielding a +0 dagger.
There is a stone staircase leading up here.
You climb upwards.
There is a stone staircase leading down here.
Done exploring.
Done exploring.
Done exploring.
Done exploring.
Done exploring.
Done exploring.
Done exploring.
Done exploring.
Done exploring.
(D) Dungeon
Where to? (Enter - D:3, ? - help)
Your tentacle spike disappears.
Your +1 hat of stealth unmelds from your body.
You feel stealthy.
You climb downwards.
There is a stone staircase leading up here.
An orc wizard is nearby!
Unknown command.
An orc comes into view. It is wielding a +0 flail.
The orc shouts!
The orc wizard misses you.
You closely miss the orc wizard. You grab the orc wizard.
You squeeze the orc wizard.
You constrict the orc wizard, but do no damage.
The orc wizard points at you and mumbles some strange words.
The magic dart hits you!
An orc comes into view. It is wielding a +0 hand axe.
The orc shouts!
You take 7 damage, and have 22/29 hp.
MASSIVE DAMAGE!!
You hit the orc wizard. You squeeze the orc wizard!
You constrict the orc wizard.
The orc wizard gestures at you while chanting.
You resist with some effort. The orc hits you with a +0 flail.
You take 4 damage, and have 18/29 hp.
You hit the orc wizard.
You kill the orc wizard!
The orc hits you with a +0 flail.
You take 3 damage, and have 15/29 hp.
You are too injured to fight recklessly!
Unknown command.
You are too injured to fight recklessly!
You are too injured to fight recklessly!
Unknown command.
You barely miss the orc. You grab the orc. Your squeeze misses the orc.
You constrict the orc, but do no damage.
The orc barely misses you. The orc hits you with a +0 flail.
An orc wizard comes into view. It is wielding a +0 dagger.
You take 1 damage, and have 14/29 hp.
You hit the orc. You constrict the orc. The orc hits you with a +0 hand axe.
The orc hits you with a +0 flail!
* * * LOW HITPOINT WARNING * * *
You take 9 damage, and have 5/29 hp.
MASSIVE DAMAGE!!
You hit the orc.
You kill the orc!
The orc closely misses you.
Unknown command.
You barely miss the orc wizard. You grab the orc wizard.
You squeeze the orc wizard.
You constrict the orc wizard, but do no damage.
The orc closely misses you. The orc wizard closely misses you.
The orc wizard hits you with a +0 dagger.
* * * LOW HITPOINT WARNING * * *
The orc hits you with a +0 hand axe!
You die...

#...... #.#.#
###....# ##.#.#
.......# ##....#
#....#####.#.#.#
#....<.....)..)#
##...#####.#.#.#
.#####...######.$.##
.................##
.....!.@##########
######oo# #... ##.##
#.# #.# #.# ..#


You could see an orc wizard and an orc.

Vanquished Creatures
  An orc priest (D:3)
  An orc wizard (D:3)
  An adder (D:2)
  2 dart slugs (D:2)
  3 orcs (D:3)
  2 ball pythons
  3 goblins
  3 bats
  3 kobolds (D:3)
  2 rats
21 creatures vanquished.

Notes
Turn   | Place    | Note
-------+----------+-------------------------------------------
     0 | D:1      | OTABOTABOTAB the Octopode Transmuter began the quest for
                  | the Orb.
     0 | D:1      | Reached XP level 1. HP: 13/13 MP: 3/3
   696 | D:2      | Reached XP level 2. HP: 7/18 MP: 5/5
   699 | D:2      | Learned a level 2 spell: Wereblood
   899 | D:2      | Found a faded altar of an unknown god.
  1153 | D:2      | Found Weil's Book Boutique.
  1709 | D:2      | Identified a scroll of acquirement
  1709 | D:2      | Acquired a book of the Earth
  1929 | D:3      | Reached skill level 1 in Ice Magic
  1929 | D:3      | Reached XP level 3. HP: 22/23 MP: 6/6
  1960 | D:3      | HP: 2/23 [orc priest/+0 trident (7)]
  1968 | D:3      | Reached skill level 2 in Fighting
  1968 | D:3      | Reached XP level 4. HP: 3/29 MP: 7/7
  2494 | D:3      | HP: 5/29 [orc/+0 flail (7)]
  2496 | D:3      | Slain by an orc

Illustrated notes

Levels and vault maps discovered:
D:1:      dpeg_arrival_lava_temple_mockup, layout_basic
D:2:      layout_loops_ring, shapermc_ecumenical_altar_starsandcircs,
          serial_shops, nicolae_shop_window_shopping
D:3:      layout_loops_ring, pdpol_wu_jian_five_deadly_venoms, corexii_shack,
          uniq_crazy_yiuf_cottage

Skill      XL: |  1  2  3 |
---------------+----------+-----
Ice Magic      | 1 |  1.6
Fighting       | 2 |  2.2
Dodging        | |  2.0
Unarmed Combat | |  3.7
Spellcasting   | |  2.0
Transmutations | |  2.8

Action                   |  1- 3 |  4- 6 || total
-------------------------+-------+-------++-------
Melee: Unarmed           |    22 |       ||    22
       Constrict         |     9 |     3 ||    12
       Tentacles         |     4 |     3 ||     7
       Punch             |     1 |       ||     1
       Short sword       |    11 |    11 ||    22
       Kick              |     5 |       ||     5
 Cast: Beastly Appendage |     5 |     1 ||     6
 Abil: End Transformatio |     3 |       ||     3
  Use: Scroll            |     5 |       ||     5
       Potion            |     4 |       ||     4
 Stab: Sleeping          |     5 |     1 ||     6
Armor: Skin              |     2 |       ||     2
Dodge: Dodged            |    21 |     6 ||    27

Table legend: (Time is in decaauts)
 A = Elapsed time spent in this place.
 B = Non-inter-level travel time spent in this place.
 C = Inter-level travel time spent in this place.
 D = Time resting spent in this place.
 E = Time spent auto-exploring this place.
 F = Levels seen in this place.
 G = Mean time per level.
                   A        B        C        D        E       F      G
               +--------+--------+--------+--------+--------+-----+--------+
         Total |   2480 |   2442 |     38 |    668 |   1581 |   3 |  826.7 |
       Dungeon |   2480 |   2442 |     38 |    668 |   1581 |   3 |  826.7 |
               +--------+--------+--------+--------+--------+-----+--------+

Top non-repeatable levels by time:
     D:2: 1051 daAuts
     D:3: 745 daAuts
     D:1: 683 daAuts

Table legend:
 A = Kills in this place as a percentage of kills in entire the game.
 B = Kills by you in this place as a percentage of kills by you in the entire game.
 C = Kills by friends in this place as a percentage of kills by friends in the entire game.
 D = Other kills in this place as a percentage of other kills in the entire game.
 E = Experience gained in this place as a percentage of experience gained in the entire game.
 F = Experience gained in this place divided by the number of levels of this place that you have seen.
                   A       B       C       D       E      F
               +-------+-------+-------+-------+-------+----------------------
         Total | 100.0 | 100.0 |   N/A |   N/A | 100.0 |  41.7
       Dungeon | 100.0 | 100.0 |   N/A |   N/A | 100.0 |  41.7
               +-------+-------+-------+-------+-------+----------------------
